 Dungeon Crawl Stone Soup version 0.30-b1-2-g02819fbbbe (webtiles) character file.

Game seed: 11977169070462604636

24882 dorian the Cleaver (level 13, -2/106 HPs)
             Began as a Formicid Fighter on May 19, 2023.
             Was the Champion of Okawaru.
             Slain by a sun demon (17 damage)
             ... in a volcano.
             The game lasted 00:21:52 (13778 turns).

dorian the Cleaver (Formicid Fighter)              Turns: 13778, Time: 00:21:53

Health: -2/106     AC: 26    Str: 25    XL:     13   Next: 46%
Magic:  19/19      EV:  7    Int:  4    God:    Okawaru [******]
Gold:   942        SH: 11    Dex: 15    Spells: 12/12 levels left

rFire   . . .        F - +10 hand axe "Ewnaoq" {protect, rN+ Int-5 Dex+2}
rCold   . . .        c - +0 buckler
rNeg    + . .        t - +0 plate armour
rPois   +            (helmet unavailable)
rElec   .            (no cloak)
rCorr   .            b - +0 pair of gloves
SInv    +            r - +1 pair of boots
Will    +....        g - amulet of reflection Stlth
                     y - ring of poison resistance
HPRegen 0.37/turn    o - +4 ring of slaying
MPRegen 0.16/turn

%: reflection
@: under a protective aura, invisible
A: permanent stasis, dig shafts and tunnels, antennae 3, four strong arms
a: Dig, Renounce Religion, Heroism, Finesse, Duel


You were in a volcano.
You worshipped Okawaru.
Okawaru was exalted by your worship.
You visited 2 branches of the dungeon, and saw 14 of its levels.
You also visited: Volcano.

You collected 942 gold pieces.

Inventory:

Hand Weapons
 a - a +0 vampiric war axe
 x - the +9 spear of the Ancient Planets {speed, rElec rN+++ Will- Str+6}
   (You found it on level 8 of the Dungeon)

   Str:       It affects your strength (+6).
   rElec:     It insulates you from electricity.
   rN:        It renders you almost immune to negative energy.
   Will:      It decreases your willpower.
 A - a +2 morningstar of freezing
 F - the +10 hand axe "Ewnaoq" (weapon) {protect, rN+ Int-5 Dex+2}
   (Okawaru gifted it to you on level 1 of the Lair of Beasts)

   Int:       It affects your intelligence (-5).
   Dex:       It affects your dexterity (+2).
   rN:        It protects you from negative energy.
 H - a +0 broad axe of flaming
Missiles
 f - 15 javelins
 h - 3 silver boomerangs
 C - 2 silver javelins
Armour
 b - a +0 pair of gloves (worn)
 c - a +0 buckler (worn)
 r - a +1 pair of boots (worn)
 t - a +0 plate armour (worn)
 B - a +2 leather armour of cold resistance
 D - +0 acid dragon scales
Jewellery
 g - an amulet of reflection (around neck)
 o - a +4 ring of slaying (right hand)
 y - a ring of poison resistance (left hand)
 z - a +5 ring of evasion
Wands
 n - a wand of iceblast (15)
 E - a wand of mindburst (6)
 J - a wand of flame (12)
Scrolls
 i - a scroll of amnesia
 j - a scroll of magic mapping
 p - 4 scrolls of identify
 q - a scroll of poison
 G - 3 scrolls of fear
Potions
 d - 3 potions of might
 e - 3 potions of curing
 k - a potion of invisibility
 m - a potion of brilliance
 s - 4 potions of mutation
 u - 3 potions of attraction
 v - 3 potions of ambrosia
Miscellaneous
 K - a phial of floods


   Skills:
 + Level 11.5 Fighting
 * Level 14.2 Axes
 + Level 11.5 Armour
 + Level 7.6 Shields
 - Level 9.0 Invocations


You had 12 spell levels left.
You didn't know any spells.
Your spell library contained the following spells:

 Spells                   Type           Power      Damage    Failure   Level
 Slow                     Hex            0%         N/A       99%         1
 Lesser Beckoning         Tloc           0%         N/A       100%        2
 Sublimation of Blood     Necr           0%         N/A       100%        2
 Confusing Touch          Hex            0%         N/A       100%        3
 Gell's Gravitas          Tloc           0%         N/A       100%        3
 Hailstorm                Conj/Ice       0%         3d3       100%        3
 Portal Projectile        Hex/Tloc       0%         N/A       100%        3
 Teleport Other           Tloc           0%         N/A       100%        3
 Vampiric Draining        Necr           0%         2d6       100%        3
 Ice Form                 Ice/Tmut       0%         N/A       100%        4
 Petrify                  Tmut/Erth      0%         N/A       100%        4
 Blade Hands              Tmut           0%         N/A       100%        5
 Borgnjor's Vile Clutch   Necr/Erth      0%         N/A       100%        5
 Irradiate                Conj/Tmut      0%         3d11      100%        5
 Iron Shot                Conj/Erth      0%         9d1       100%        6
 Tukima's Dance           Hex            Unusable   N/A       N/A         3
 Animate Armour           Summ/Erth      Unusable   N/A       N/A         4
 Animate Dead             Necr           Unusable   N/A       N/A         4
 Death Channel            Necr           Unusable   N/A       N/A         6
 Simulacrum               Ice/Necr       Unusable   N/A       N/A         6

Dungeon Overview and Level Annotations

Branches:
Dungeon (12/15)            Temple (0/1) D:6            Lair (2/5) D:9
    Orc (0/2) D:10        Volcano (1/1)
  Swamp: Lair:2-3    Shoals: Lair:2-3     Snake: Lair:2-3    Spider: Lair:2-3

Altars:
Cheibriados
Dithmenos
Fedhas
Gozag
Makhleb
Nemelex Xobeh
Okawaru
Qazlal
Sif Muna
Wu Jian
The Shining One

Shops:
D:2 (   D:9 :

Portals:
Trove: D:12 (give 8 scrolls of fear)

Annotations:
D:5 1 runed translucent door, Crazy Yiuf
D:6 2 runed translucent doors, MrCrawl's ghost, novice DsNe
D:10 2 transporters, adept's ghost, journeyman DjFE


Innate Abilities, Weirdness & Mutations

You cannot be hasted, slowed, berserked, paralysed or teleported.
You can dig through walls and to a lower floor.
You have a pair of large antennae on your head. (SInv)
Your four strong arms can wield two-handed weapons with a shield.


Message History

The steam dragon hisses angrily.
You block the hell hound's attack.
You slash the hell hound!
You kill the hell hound!
Okawaru accepts your kill.
The steam dragon hisses angrily.
The sun demon shouts!
The steam dragon hisses angrily.
The sun demon shouts!
You see here a hell hound corpse.
The steam dragon hisses angrily.
The sun demon shouts!
You hit the sun demon.
The sun demon is lightly wounded.
The sun demon hits you.
You are engulfed in flames!
You closely miss the sun demon.
The sun demon is lightly wounded.
The steam dragon hisses angrily.
You slash the steam dragon!
The steam dragon hisses angrily.
The steam dragon is heavily wounded.
The steam dragon hisses angrily.
You hit the steam dragon.
The steam dragon is severely wounded.
The steam dragon bites you but does no damage.
The steam dragon claws you but does no damage.
You slice the sun demon!!
The sun demon is heavily wounded.
You barely miss the steam dragon. The sun demon hits you.
You are engulfed in flames!
* * * LOW HITPOINT WARNING * * *
The steam dragon bites you.
* * * LOW HITPOINT WARNING * * *
You block the steam dragon's attack.
You miss the sun demon.
The sun demon is heavily wounded.
You slash the steam dragon!
You kill the steam dragon!
Okawaru accepts your kill. The sun demon hits you.
* * * LOW HITPOINT WARNING * * *
You are engulfed in flames!
You die...

############
#####.##..#†.§.###
##........†@3§.....
##............#§§§..
##.........#.#§.§≈...
#.......####...§§.§..
#.......# #..≈#.#.#
#......## #....§§##
##......## ###...§.#
##......## ..§..#
#.......###.D


You could see a sun demon (unable to see you).

Vanquished Creatures
  Gastronok (D:8)
  A dire elephant (Lair:1)
  Fannar (D:12)
  Erica (D:8)
  2 boulder beetles (D:11)
  5 two-headed ogres
  A sun demon (Volcano)
  A lindwurm (Lair:2)
  A deep elf pyromancer (D:12)
  2 cyclopes
  7 elephants
  A gargoyle (D:10)
  2 black mambas (Lair:1)
  An unseen horror (D:12)
  4 cane toads
  A komodo dragon (Lair:2)
  2 trolls
  Grinder (D:3)
  3 slime creatures (D:12)
  Sigmund (D:6)
  21 yaks
  2 shadows
  A water elemental (D:11)
  A basilisk (Lair:1)
  9 steam dragons
  An acid dragon (D:9)
  A hell hound (Volcano)
  A water moccasin (D:5)
  2 orc warriors
  2 black bears
  2 ogres
  A centaur (D:10)
  10 wolves
  3 kobold brigands
  A phantom (D:10)
  Blork the orc (D:4)
  11 bullfrogs
  3 scorpions
  10 wights
  2 troll zombies (D:10)
  3 howler monkeys (D:9)
  4 electric eels (D:11)
  6 hounds
  2 jellies
  6 orc priests
  A gnoll bouda (D:7)
  2 iguanas
  3 orc wizards
  A sleepcap (D:6)
  Natasha (twice) (D:3)
  6 ogre zombies (D:10)
  8 adders
  8 gnolls (D:8)
  2 shadow imps
  A white imp (D:6)
  2 worms
  3 dart slugs
  22 orcs
  4 ball pythons
  2 bats (D:1)
  5 endoplasms
  2 giant cockroaches
  4 hobgoblins
  2 jackals (D:2)
  3 quokkas
  10 frilled lizards
  8 goblins
  A goblin skeleton (D:10)
  5 goblin zombies (D:10)
  3 hobgoblin skeletons (D:10)
  3 hobgoblin zombies (D:10)
  26 kobolds
  4 orc skeletons (D:10)
  8 orc zombies (D:10)
  4 rats
300 creatures vanquished.

Vanquished Creatures (others)
  A kobold brigand (D:7)
  A shadow imp (D:7)
  8 fungi
  27 plants
37 creatures vanquished.

Grand Total: 337 creatures vanquished

Notes
Turn   | Place    | Note
-------+----------+-------------------------------------------
     0 | D:1      | dorian the Formicid Fighter began the quest for the Orb.
     0 | D:1      | Reached XP level 1. HP: 18/18 MP: 1/1
   167 | D:1      | Reached XP level 2. HP: 22/24 MP: 2/2
   745 | D:2      | Reached XP level 3. HP: 29/29 MP: 3/3
   836 | D:2      | Reached skill level 3 in Axes
   927 | D:2      | Found Xiasa's Weapon Shoppe.
  1214 | D:3      | Found a faded altar of an unknown god.
  1360 | D:3      | Reached XP level 4. HP: 24/37 MP: 4/4
  1421 | D:3      | Found an iron altar of Okawaru.
  1450 | D:3      | Found a shimmering blue altar of Sif Muna.
  1482 | D:3      | Became a worshipper of Warmaster Okawaru
  1592 | D:3      | Noticed Grinder
  1677 | D:3      | Killed Grinder
  1677 | D:3      | Reached * piety under Okawaru
  1678 | D:3      | Reached skill level 4 in Axes
  1678 | D:3      | Reached XP level 5. HP: 28/43 MP: 5/5
  1678 | D:3      | Reached XP level 6. HP: 32/49 MP: 6/6
  1775 | D:3      | Noticed Natasha
  1792 | D:3      | Killed Natasha
  1842 | D:3      | Noticed Natasha
  1851 | D:3      | Killed Natasha
  2007 | D:4      | Reached skill level 5 in Axes
  2007 | D:4      | Reached XP level 7. HP: 55/55 MP: 7/7
  2616 | D:4      | Noticed Blork the orc
  2620 | D:4      | Killed Blork the orc
  2621 | D:4      | Reached skill level 5 in Fighting
  2621 | D:4      | Reached skill level 5 in Armour
  2745 | D:5      | Entered Level 5 of the Dungeon
  2929 | D:5      | Noticed a water moccasin
  2939 | D:5      | Killed a water moccasin
  2939 | D:5      | Reached ** piety under Okawaru
  2940 | D:5      | Reached skill level 6 in Axes
  2986 | D:5      | Reached XP level 8. HP: 63/63 MP: 8/8
  3535 | D:5      | Found a glowing golden altar of the Shining One.
  3536 | D:5      | Found a stormy altar of Qazlal.
  3661 | D:5      | Found a runed translucent door.
  3662 | D:5      | Noticed Crazy Yiuf
  3974 | D:6      | Reached skill level 7 in Axes
  4009 | D:6      | Reached skill level 1 in Invocations
  4181 | D:6      | Noticed a yak
  4181 | D:6      | Noticed a yak
  4201 | D:6      | Killed a yak
  4201 | D:6      | Reached *** piety under Okawaru
  4201 | D:6      | Noticed a yak
  4203 | D:6      | Killed a yak
  4204 | D:6      | Reached XP level 9. HP: 58/71 MP: 6/10
  4213 | D:6      | Reached skill level 8 in Axes
  4337 | D:6      | Found a large runed translucent door.
  4337 | D:6      | Found a large runed translucent door.
  4357 | D:6      | Noticed MrCrawl's ghost (novice DsNe)
  4730 | D:6      | Found a staircase to the Ecumenical Temple.
  4738 | D:6      | Noticed Sigmund
  4761 | D:6      | Killed Sigmund
  4839 | D:6      | Found a sparkling altar of Nemelex Xobeh.
  5069 | D:6      | Reached **** piety under Okawaru
  5620 | D:7      | Reached skill level 9 in Axes
  5630 | D:7      | Reached XP level 10. HP: 79/79 MP: 13/13
  5787 | D:7      | Found a shadowy altar of Dithmenos.
  6442 | D:8      | Noticed a two-headed ogre
  6456 | D:8      | Killed a two-headed ogre
  6457 | D:8      | Reached skill level 5 in Invocations
  6646 | D:8      | Identified the +9 spear of the Ancient Planets {speed,
                  | rElec rN+++ Will- Str+6}
  6675 | D:8      | Found an opulent altar of Gozag.
  6849 | D:8      | Noticed Erica
  6858 | D:8      | Killed Erica
  6858 | D:8      | Reached ***** piety under Okawaru
  6859 | D:8      | Reached skill level 10 in Axes
  7000 | D:8      | Noticed Gastronok
  7016 | D:8      | Killed Gastronok
  7017 | D:8      | Reached XP level 11. HP: 82/87 MP: 15/15
  7098 | D:8      | Found a blossoming altar of Fedhas.
  7644 | D:9      | Found an ornate altar of the Wu Jian Council.
  8105 | D:9      | Found a snail-covered altar of Cheibriados.
  8182 | D:9      | Found Affiq's Self-Improvement Boutique.
  8250 | D:9      | Found a staircase to the Lair.
  8251 | D:9      | Noticed a two-headed ogre
  8269 | D:9      | Killed a two-headed ogre
  8269 | D:9      | Received a gift from Okawaru
  8270 | D:9      | Reached skill level 11 in Axes
  8883 | D:10     | Entered Level 10 of the Dungeon
  9018 | D:10     | Reached ****** piety under Okawaru
  9094 | D:10     | Found a staircase to the Orcish Mines.
  9225 | D:10     | Found a transporter.
  9234 | D:10     | Found a transporter.
  9234 | D:10     | Noticed adept's ghost (journeyman DjFE)
  9237 | D:10     | Noticed a two-headed ogre
  9246 | D:10     | Noticed an ogre mage
  9251 | D:10     | Noticed a brown very ugly thing
  9353 | D:10     | Noticed a two-headed ogre
  9362 | D:10     | Killed a two-headed ogre
  9362 | D:10     | Received a gift from Okawaru
  9503 | D:10     | You fall into a shaft and drop 1 floor!
  9817 | D:11     | Noticed a boulder beetle
  9831 | D:11     | Killed a boulder beetle
  9832 | D:11     | Reached skill level 12 in Axes
  9954 | D:11     | Found a burning altar of Makhleb.
 10015 | D:11     | Reached XP level 12. HP: 91/97 MP: 18/18
 10106 | D:11     | Noticed a two-headed ogre
 10115 | D:11     | Killed a two-headed ogre
 10116 | D:11     | Reached skill level 10 in Fighting
 10116 | D:11     | Reached skill level 10 in Armour
 10186 | D:11     | Noticed a boulder beetle
 10208 | D:11     | Killed a boulder beetle
 10208 | D:11     | Identified the +1 robe "Yxeaguink" {*Corrode Str+5 Int+3}
                  | (Okawaru gifted it to you on level 11 of the Dungeon)
 10208 | D:11     | Received a gift from Okawaru
 11680 | D:12     | Found a portal to a secret trove of treasure.
 11837 | D:12     | Noticed Fannar
 11854 | D:12     | Killed Fannar
 12156 | D:12     | Noticed a two-headed ogre
 12166 | D:12     | Killed a two-headed ogre
 12167 | D:12     | Reached skill level 13 in Axes
 12242 | Lair:1   | Entered Level 1 of the Lair of Beasts
 12265 | Lair:1   | Reached skill level 5 in Shields
 12661 | Lair:1   | Noticed a dire elephant
 12691 | Lair:1   | Killed a dire elephant
 12691 | Lair:1   | Identified the +10 hand axe "Ewnaoq" {protect, rN+ Int-5
                  | Dex+2} (Okawaru gifted it to you on level 1 of the Lair of
                  | Beasts)
 12691 | Lair:1   | Received a gift from Okawaru
 12716 | Lair:1   | Reached XP level 13. HP: 46/105 MP: 13/19
 13384 | Lair:2   | Noticed a five-headed hydra
 13449 | Lair:2   | Reached skill level 14 in Axes
 13530 | Lair:2   | Found a dark tunnel.
 13656 | Volcano  | Entered a volcano
 13778 | Volcano  | Slain by a sun demon

Illustrated notes

Levels and vault maps discovered:
D:1:      scummos_arrival_simple_crosswalls, layout_loops_ring
D:2:      layout_basic, serial_shops, nicolae_shop_bloodbath_and_beyond,
          minmay_misc_feat_alley
D:3:      layout_basic, mainiacjoe_overflow_two_lobes,
          shapermc_ecumenical_altar_mp_highgroup, minmay_lizard_king,
          uniq_natasha, uniq_grinder
D:4:      layout_loops_cross, serial_bayou_pond_c, uniq_blork_the_orc
D:5:      layout_loops_ring, mainiacjoe_overflow_divided_tiny,
          uniq_crazy_yiuf_cottage
D:6:      layout_layer_cave, general_overflow_altar,
          minmay_temple_entry_poolview, ebering_ghost_disaster_area,
          minmay_quadrilaterals, uniq_sigmund
D:7:      layout_basic, mainiacjoe_overflow_24_doors, lemuel_flamethrower_2
D:8:      layout_loops_ring, fedhas_altar_2, grunt_gozag_breadcrumbs,
          kennysheep_generic_room_15, uniq_gastronok, uniq_erica
D:9:      layout_basic, kennysheep_slug_shrine, mainiacjoe_overflow_catwalk,
          lair_entry_dummy, nicolae_wwwww, chequers_serial_rivers_micro_c,
          nicolae_shop_self_help
D:10:     layout_gridville, zombieorc2_lemuel, gammafunk_ghost_arena
D:11:     layout_basic, bloody_makhleb
D:12:     layout_irregular_city, enter_trove_1, minmay_misc_feat_secret_circle,
          uniq_fannar
Lair:1:   layout_roguey, nicolae_lair_grazing_beasts
          [nicolae_sub_lair_graze_edge, nicolae_sub_lair_graze_edge,
          nicolae_sub_lair_graze_edge, nicolae_sub_lair_graze_edge],
          infiniplex_staircase_pool_2, grunt_megastairs_2
Lair:2:   layout_roguey, nicolae_volcano_entry_vermiform, lemuel_fruit_tree,
          grunt_megastairs_1
Volcano:  hellmonk_smoking_crater

Skill      XL: |  1  2  3  4  5  6  7  8  9 10 11 12 13 |
---------------+----------------------------------------+-----
Axes           | 3 4 5 6 7 9 10 12 13 14 | 14.2
Fighting       | 4 5 6 7 8 9 10 11 | 11.5
Armour         | 4 5 6 7 8 9 10 11 | 11.5
Invocations    | 2 4 6 8 9 |  9.0
Shields        | 6 7 |  7.6

Action                     |  1- 3 |  4- 6 |  7- 9 | 10-12 | 13-15 || total
---------------------------+-------+-------+-------+-------+-------++-------
  Melee: War axe           |   104 |    31 |   225 |    36 |       ||   396
         Spear             |       |       |       |   536 |    54 ||   590
         Hand axe          |       |       |       |       |   101 ||   101
 Invoke: Heroism           |       |       |     2 |     4 |       ||     6
         Finesse           |       |       |       |     2 |       ||     2
Ability: Dig               |       |       |       |       |     1 ||     1
    Use: Scroll            |       |       |    10 |    11 |     2 ||    23
         Potion            |       |       |       |     4 |     4 ||     8
   Stab: Distracted        |       |     1 |       |     1 |       ||     2
 Armour: Scale mail        |    35 |     3 |    12 |       |       ||    50
         Chain mail        |       |       |    47 |    19 |       ||    66
         Acid dragon scale |       |       |       |    24 |       ||    24
         Plate armour      |       |       |       |    24 |    55 ||    79
  Dodge: Dodged            |    40 |    11 |    73 |    65 |    19 ||   208
  Block: Buckler           |    51 |    12 |   104 |    93 |    44 ||   304
         Reflection        |       |     1 |     4 |     6 |       ||    11
